 Dungeon Crawl Stone Soup version 0.32-a0-918-g0f22ef8d61 (webtiles) character file.

Game seed: 5951928358472896994

18145 Ajdolov the Frost Mage (level 12, -6/94 HPs)
             Began as a Mummy Ice Elementalist on Apr 11, 2024.
             Was an Initiate of Gozag.
             Shot with an arrow by Nessos (15 damage)
             ... on level 3 of the Lair of Beasts.
             The game lasted 00:30:10 (14561 turns).

Ajdolov the Frost Mage (Mummy Ice Elementalist)    Turns: 14561, Time: 00:30:11

Health: -6/94      AC: 18    Str: 11    XL:     12   Next: 25%
Magic:  26/26      EV: 15    Int: 18    God:    Gozag
Gold:   1049       SH:  0    Dex: 14    Spells: 21/31 levels left

rFire   . . .        C - +5 spear (pain)
rCold   + . .        (no shield)
rNeg    + + +        t - +1 ring mail of Reason {rElec rCorr}
rPois   ∞            r - +2 helmet
rElec   +            (no cloak)
rCorr   +            v - +0 pair of gloves
SInv    .            p - +0 pair of boots
Will    +....        g - amulet of magic regeneration Stlth
                     A - ring of protection from fire
HPRegen 0.35/turn    a - +5 ring of evasion
MPRegen 0.60/turn

%: faith
@: confused, ice-armoured (expiring)
A: cold resistance 1, negative energy resistance 3, torment resistance 2, heat
vulnerability 1, in touch with death 1, no potions, faith
a: Renounce Religion, Potion Petition, Call Merchant, Bribe Branch


You were on level 3 of the Lair of Beasts.
You worshipped Gozag.
Gozag was most pleased with you.
You visited 3 branches of the dungeon, and saw 15 of its levels.

You collected 2106 gold pieces.
You spent 912 gold pieces at shops.
You paid 145 gold pieces to Gozag.

Inventory:

Hand Weapons
 C - a +5 spear of pain (weapon)
Armour
 o - a +0 robe of willpower
 p - a +0 pair of boots (worn)
 r - a +2 helmet (worn)
 t - the +1 ring mail of Reason (worn) {rElec rCorr}
   (You found it on level 7 of the Dungeon)

   rElec:     It insulates you from electricity.
   rCorr:     It protects you from acid and corrosion.
 v - a +0 pair of gloves (worn)
Jewellery
 a - a +5 ring of evasion (right hand)
 e - a ring of magical power
 g - an amulet of magic regeneration (around neck)
 l - a ring of flight
 q - a ring of see invisible
 w - a ring of ice
 A - a ring of protection from fire (left hand)
Wands
 m - a wand of flame (6)
 x - a wand of digging (8)
 y - a wand of mindburst (3)
 B - a wand of charming (3)
 E - a wand of light (5)
Scrolls
 b - 4 scrolls of vulnerability
 c - 3 scrolls of revelation
 d - 3 scrolls of amnesia
 f - a scroll of enchant weapon
 h - 3 scrolls of fear
 i - 4 scrolls of fog
 j - 3 scrolls of teleportation
 k - 7 scrolls of blinking
 n - 2 scrolls of identify
 s - 2 scrolls of enchant armour
 u - a scroll of torment
 z - a scroll of immolation
 D - a scroll of silence {unknown}


   Skills:
 + Level 8.5 Fighting
 + Level 5.4 Armour
 + Level 2.6 Dodging
 - Level 1.5 Stealth
 - Level 10.0 Spellcasting
 - Level 12.0 Ice Magic
 + Level 5.4 Evocations


You had 21 spell levels left.
You knew the following spells:

 Your Spells              Type           Power      Damage    Failure   Level
a - Freeze                Ice            100%       1d10      1%          1
b - Frozen Ramparts       Ice            100%       1d16      1%          3
c - Ozocubu's Armour      Ice            51%        N/A       1%          3
d - Summon Ice Beast      Ice/Summ       30%        N/A       4%          3

Your spell library contained the following spells:

 Spells                   Type           Power      Damage    Failure   Level
 Blink                    Tloc           18%        N/A       26%         2
 Call Imp                 Summ           18%        N/A       26%         2
 Lesser Beckoning         Tloc           18%        N/A       26%         2
 Momentum Strike          Conj/Tloc      18%        3d8       26%         2
 Static Discharge         Conj/Air       18%        3-4/arc   26%         2
 Maxwell's Portable Pile  Tloc           9%         2d(6-16)  45%         3
 Sigil of Binding         Hex            9%         N/A       45%         3
 Teleport Other           Tloc           9%         N/A       45%         3
 Tukima's Dance           Hex            9%         N/A       45%         3
 Airstrike                Air            4%         2d(1-17)  86%         4
 Dimensional Bullseye     Hex/Tloc       4%         N/A       86%         4
 Iskenderun's Mystic Bla Conj/Tloc 9%             2d4        (+2d1     86%         4
 Summon Lightning Spire   Summ/Air       9%         N/A       86%         4
 Sculpt Simulacrum        Ice/Alch       15%        N/A       92%         6
 Death Channel            Necr           6%         N/A       100%        6
 Summon Hydra             Summ           4%         N/A       100%        7
 Sublimation of Blood     Necr           Unusable   N/A       N/A         2

Dungeon Overview and Level Annotations

Branches:
Dungeon (11/15)            Temple (1/1) D:7            Lair (3/5) D:10
 Spider (0/4) Lair:3
  Swamp: Lair:2-3    Shoals: Lair:2-3       Orc: D:9-12

Altars:
Ashenzari
Cheibriados
Dithmenos
Fedhas
Gozag
Hepliaklqana
Kikubaaqudgha
Makhleb
Nemelex Xobeh
Okawaru
Qazlal
Ru
Sif Muna
Trog
Uskayaw
Vehumet
Wu Jian
Xom
Yredelemnul

Shops:
D:3 *?[![   D:5 =

Annotations:
D:5 2 transporters
D:7 2 transporters, greenbourne's ghost, novice DrAr
D:11 Fannar
Lair:3 Nessos


Innate Abilities, Weirdness & Mutations

You are immune to poison.
Your flesh is cold resistant. (rC+)
You are immune to negative energy. (rN+++)
You are immune to unholy pain and torment.
You are vulnerable to heat. (rF-)
You are in touch with the powers of death.
You do not drink.
You have a special connection with the divine. (Faith)


Message History

Nessos blinks!
Nessos mumbles some strange words.
Nessos blinks!
Nessos wields a +3 longbow of flaming.
It bursts into flame!
Nessos shoots an arrow.
The arrow hits you!! The arrow burns you. The heat melts your icy armour.
The frozen ramparts melt away.
Nessos zaps a wand.
You resist with almost no effort.
Nessos is distracted by your dazzling golden aura.
Nessos is no longer distracted by gold.
Nessos shoots an arrow.
The arrow hits you. The arrow burns you.
Nessos shoots an arrow.
The arrow hits you! The arrow burns you. The heat melts your icy armour.
Nessos mumbles some strange words.
Nessos blinks!
Nessos zaps a wand.
You resist with almost no effort.
You feel less confused.
Nessos shoots an arrow.
The arrow hits you!!
* * * LOW HITPOINT WARNING * * *
The arrow burns you.
* * * LOW HITPOINT WARNING * * *
Nessos zaps a wand.
Your will is overpowered!
You are confused.
The heat melts your icy armour.
Okay, then.
Nessos says, "I'll learn you. I'll learn you yet!"
Nessos mumbles some strange words.
Nessos blinks!
Nessos mumbles some strange words.
Nessos blinks!
Nessos zaps a wand.
You resist with almost no effort.
Nessos zaps a wand.
You resist with almost no effort.
Nessos shoots an arrow.
The arrow hits you!
* * * LOW HITPOINT WARNING * * *
The arrow burns you.
* * * LOW HITPOINT WARNING * * *
The heat melts your icy armour.
You bump into the rock wall.
Your icy armour starts to melt.
Nessos shoots an arrow.
The arrow hits you!
You die...
Your body crumbles into a pile of gold.

............##.##.##.####....^
..................[........^.^
.........###..#....###.#......
........## # #..### ##..###P#
........# #..## #..# ## ##..#
#).# #P.## ####.#####
#.##.####P.####.#...P.#.
.....c$@................
P....#####........#.#... ...
##.........####. #
#....>.....# #.. ##.........#
#.. ##.........# ##.
#.........## #.. ##........#
#.. #........# ##.


You could see Nessos (fast).

Vanquished Creatures
  A two-headed ogre (D:9)
  10 cane toads
  A torpor snail (Lair:1)
  3 komodo dragons
  A troll (D:10)
  4 blink frogs (Lair:1)
  A hornet (D:10)
  Prince Ribbit (D:6)
  Sigmund (D:5)
  2 wyverns
  A basilisk (Lair:3)
  A shadow (D:10)
  2 vampires
  15 yaks
  7 water moccasins
  2 black bears
  2 orc warriors (D:9)
  A sky beast (D:7)
  13 wolves
  5 centaurs
  An ogre (D:6)
  3 bullfrogs
  4 scorpions
  11 wights
  5 killer bees (D:9)
  3 electric eels (D:10)
  3 howler monkeys
  A bombardier beetle (D:6)
  7 hounds
  An orc priest (D:10)
  5 iguanas
  11 orc wizards
  5 adders
  A shadow imp (D:7)
  2 white imps (D:7)
  2 ufetubi (D:7)
  2 dart slugs
  2 ribbon worms
  25 orcs
  6 endoplasms
  A giant cockroach (D:2)
  2 goblins (D:3)
  11 hobgoblins
  2 quokkas (D:2)
  3 ball pythons
  2 bats
  4 frilled lizards
  10 kobolds
  11 rats
220 creatures vanquished.

Vanquished Creatures (collateral kills)
  Gastronok (Lair:3)
  A manticore (Lair:3)
  A cane toad (Lair:1)
  A komodo dragon (Lair:1)
  A troll (D:11)
  A hornet (D:8)
  Grinder (D:5)
  2 yaks (Lair:1)
  A steam dragon (D:7)
  Grum (D:9)
  A basilisk (Lair:1)
  Menkaure (D:5)
  Edmund (D:5)
  2 ice beasts
  A wolf (Lair:1)
  A centaur (D:8)
  2 bullfrogs
  A gnoll sergeant (D:11)
  2 wights (D:7)
  A quasit (D:7)
  2 hounds
  A jelly (D:8)
  An orc priest (D:10)
  A shadow imp (D:7)
  A white imp (D:7)
  4 orcs
34 creatures vanquished.

Grand Total: 254 creatures vanquished

Notes
Turn   | Place    | Note
-------+----------+-------------------------------------------
     0 | D:1      | Ajdolov the Mummy Ice Elementalist began the quest for the
                  | Orb.
     0 | D:1      | Reached XP level 1. HP: 13/13 MP: 4/4
   547 | D:1      | Reached XP level 2. HP: 13/19 MP: 1/6
  1743 | D:2      | Reached XP level 3. HP: 22/24 MP: 8/8
  1747 | D:2      | Learned a level 3 spell: Frozen Ramparts
  1751 | D:2      | Learned a level 3 spell: Ozocubu's Armour
  2432 | D:3      | Found a sacrificial altar of Ru.
  2465 | D:3      | Found Nyfoisicu's Antique Armour Boutique.
  2484 | D:3      | Found Leuvviol's Distillery.
  2501 | D:3      | Found a stormy altar of Qazlal.
  2536 | D:3      | Reached skill level 4 in Ice Magic
  2598 | D:3      | Found Qeddi's Magic Scroll Boutique.
  2607 | D:3      | Bought a scroll of identify for 26 gold pieces
  2607 | D:3      | Bought a scroll of fear for 52 gold pieces
  2630 | D:3      | Reached XP level 4. HP: 30/30 MP: 10/10
  2686 | D:3      | Found Lide's Assorted Antiques.
  2690 | D:3      | Bought a scroll labelled UDU QONUMOI for 18 gold pieces
  2917 | D:3      | Found Wuru's Armour Emporium.
  3585 | D:4      | Noticed a scorpion
  3595 | D:4      | Killed a scorpion
  3596 | D:4      | Reached skill level 5 in Spellcasting
  3596 | D:4      | Reached XP level 5. HP: 32/35 MP: 12/12
  3997 | D:5      | Entered Level 5 of the Dungeon
  4043 | D:5      | Found Niroejie's Jewellery Boutique.
  4095 | D:5      | Noticed Edmund
  4190 | D:4      | Learned a level 3 spell: Summon Ice Beast
  4207 | D:5      | Killed Edmund
  4208 | D:5      | Reached skill level 5 in Ice Magic
  4208 | D:5      | Reached XP level 6. HP: 35/41 MP: 6/15
  4308 | D:5      | Noticed Sigmund
  4362 | D:5      | Noticed Menkaure
  4377 | D:5      | Killed Menkaure
  4427 | D:5      | Noticed Grinder
  4440 | D:5      | Paralysed by Grinder for 5 turns
  4454 | D:5      | Paralysed by Grinder for 3 turns
  4465 | D:5      | Killed Grinder
  4466 | D:5      | Reached XP level 7. HP: 40/46 MP: 15/17
  4572 | D:5      | Reached skill level 6 in Ice Magic
  4889 | D:5      | Found an iron altar of Okawaru.
  4890 | D:5      | Noticed a two-headed ogre
  4893 | D:5      | Found a transporter.
  4917 | D:5      | Found a transporter.
  5089 | D:5      | Killed Sigmund
  5090 | D:5      | Reached XP level 8. HP: 44/52 MP: 20/20
  5171 | D:6      | Reached skill level 7 in Ice Magic
  5357 | D:6      | Noticed Prince Ribbit
  5405 | D:6      | Killed Prince Ribbit
  5872 | D:6      | Reached skill level 8 in Ice Magic
  6038 | D:7      | Found a staircase to the Ecumenical Temple.
  6044 | Temple   | Entered the Ecumenical Temple
  6059 | Temple   | Became a worshipper of Gozag Ym Sagoz the Greedy
  6304 | D:7      | Reached skill level 9 in Ice Magic
  6452 | D:7      | Reached XP level 9. HP: 57/57 MP: 21/21
  6924 | D:7      | Reached skill level 10 in Ice Magic
  6932 | D:7      | Identified the +1 ring mail of Reason {rElec rCorr}
  6980 | D:7      | Found a transporter.
  6983 | D:7      | Noticed greenbourne's ghost (novice DrAr)
  6986 | D:7      | Noticed a two-headed ogre
  6988 | D:7      | Found a transporter.
  7440 | D:8      | Identified the +1 quarterstaff "Arae" {flame, *Noise rF+++
                  | Int+5}
  7476 | D:8      | Reached skill level 11 in Ice Magic
  7688 | D:8      | Reached XP level 10. HP: 62/63 MP: 22/22
  8334 | D:9      | Noticed Grum
  8341 | D:9      | Killed Grum
  8528 | D:9      | Noticed a two-headed ogre
  8540 | D:9      | Killed a two-headed ogre
  8541 | D:9      | Reached skill level 12 in Ice Magic
  8541 | D:9      | Reached skill level 1 in Fighting
  8541 | D:9      | Reached skill level 1 in Evocations
  9303 | D:9      | Found a bloodstained altar of Trog.
  9798 | D:10     | Entered Level 10 of the Dungeon
 10237 | D:10     | Found a staircase to the Lair.
 10798 | D:5      | Bought a ring of protection from fire for 300 gold pieces
 10872 | D:3      | Bought 3 scrolls of blinking for 292 gold pieces
 10896 | D:3      | Bought a glowing scarf for 224 gold pieces
 11038 | D:11     | Noticed Fannar
 11424 | D:11     | Reached XP level 11. HP: 78/78 MP: 19/24
 11767 | Lair:1   | Entered Level 1 of the Lair of Beasts
 11907 | Lair:1   | Reached skill level 10 in Spellcasting
 12019 | Lair:1   | Reached skill level 5 in Fighting
 12043 | Lair:1   | Reached skill level 5 in Evocations
 12047 | Lair:1   | Reached skill level 1 in Armour
 14044 | Lair:3   | Reached skill level 5 in Armour
 14044 | Lair:3   | Reached XP level 12. HP: 90/92 MP: 20/26
 14312 | Lair:3   | Found a hole to the Spider Nest.
 14427 | Lair:3   | Noticed Gastronok
 14447 | Lair:3   | Killed Gastronok
 14541 | Lair:3   | Noticed Nessos
 14561 | Lair:3   | Shot with an arrow by Nessos

Illustrated notes

Levels and vault maps discovered:
D:1:      saegor_arrival_simple_d, layout_loops_corners
D:2:      layout_basic, serial_forest, infiniplex_forest_straight_2,
          infiniplex_forest_lined_corner, infiniplex_forest_lined_corner,
          infiniplex_forest_lined_corner, infiniplex_forest_end_3,
          infiniplex_forest_zigzag_1, infiniplex_forest_lined_room_,
          infiniplex_forest_end_1
D:3:      layout_basic, mainiacjoe_overflow_surrounded_room,
          overflow_temple_1_default, lemuel_doored_altar, serial_shops,
          nicolae_shop_pleasant_corner_grove, shop, nicolae_shop_peninsula,
          shop, shop, nicolae_kite_square_tiling_tiny
D:4:      layout_loops_cross
D:5:      layout_basic, gammafunk_temple_overflow_arena, serial_shops,
          nicolae_shop_tiny_statue_garden, sigmund_edmund_badplayer,
          uniq_grinder, uniq_menkaure
D:6:      layout_gridville, uniq_prince_ribbit1, uniq_edmund
D:7:      layout_basic, minmay_temple_entry_overgrown, serial_demonic,
          serial_demonic_b, serial_demonic_b, serial_demonic_a,
          serial_demonic_a, serial_demonic_g, serial_demonic_a,
          gammafunk_ghost_smash
D:8:      layout_basic
D:9:      layout_loops_corners, mainiacjoe_overflow_catwalk, uniq_grum
D:10:     layout_basic, erik_lair_island, solitary_fountain
D:11:     cheibrodos_orc_bank, layout_stronghold, david_orc_4,
          minmay_fractal_squares_5, uniq_fannar
Temple:   nicolae_temple_bog_church
Lair:1:   layout_cave_pods, grunt_megastairs_1, infiniplex_staircase_pool_2
Lair:2:   layout_regular_city
Lair:3:   layout_small_grid, minmay_shoals_entry_beasts,
          spider_nest_entry_web_field, uniq_nessos, uniq_gastronok

Skill      XL: |  1  2  3  4  5  6  7  8  9 10 11 12 |
---------------+-------------------------------------+-----
Spellcasting   | 3 4 5 6 7 8 9 10 | 10.0
Ice Magic      | 4 5 6 9 11 12 | 12.0
Fighting       | 4 8 |  8.5
Evocations     | 3 5 |  5.4
Armour         | 5 |  5.4
Dodging        | 2 |  2.6
Stealth        | |  1.5

Action                     |  1- 3 |  4- 6 |  7- 9 | 10-12 || total
---------------------------+-------+-------+-------+-------++-------
  Melee: Club              |     2 |       |       |       ||     2
         Dagger            |    13 |    11 |       |       ||    24
         Whip              |       |    16 |    97 |   162 ||   275
         Spear             |       |       |       |   156 ||   156
   Cast: Freeze            |    59 |    37 |       |       ||    96
         Frozen Ramparts   |     2 |    10 |    36 |    64 ||   112
         Summon Ice Beast  |       |     4 |    24 |    28 ||    56
         Ozocubu's Armour  |       |     2 |    17 |    44 ||    63
  Evoke: Wand              |       |       |       |     6 ||     6
    Use: Scroll            |     4 |     3 |     1 |     2 ||    10
   Stab: Sleeping          |     2 |     1 |       |       ||     3
         Distracted        |       |       |       |     2 ||     2
 Armour: Robe              |    40 |    34 |    78 |   185 ||   337
         Ring mail         |       |       |       |    50 ||    50
  Dodge: Dodged            |    40 |    27 |    84 |   260 ||   411

Table legend: (Time is in decaauts)
 A = Elapsed time spent in this place.
 B = Non-inter-level travel time spent in this place.
 C = Inter-level travel time spent in this place.
 D = Time resting spent in this place.
 E = Time spent auto-exploring this place.
 F = Levels seen in this place.
 G = Mean time per level.
                   A        B        C        D        E       F      G
               +--------+--------+--------+--------+--------+-----+--------+
         Total |  14617 |  13694 |    923 |    704 |  10458 |  15 |  974.5 |
       Dungeon |  11769 |  10923 |    846 |    697 |   8210 |  11 | 1069.9 |
        Temple |     30 |      2 |     28 |      0 |      0 |   1 |   30.0 |
          Lair |   2817 |   2768 |     49 |      7 |   2247 |   3 |  939.0 |
               +--------+--------+--------+--------+--------+-----+--------+

Top non-repeatable levels by time:
     D:9: 1560 daAuts
  Lair:1: 1367 daAuts
     D:2: 1305 daAuts
     D:6: 1237 daAuts
     D:7: 1197 daAuts
    D:10: 1124 daAuts
     D:5: 1123 daAuts
     D:1: 1103 daAuts
     D:3: 987 daAuts
  Lair:2: 918 daAuts
     D:4: 801 daAuts
     D:8: 784 daAuts
    D:11: 542 daAuts
  Lair:3: 530 daAuts
  Temple: 30 daAuts
